Map: Lightshade LE

Players

Heeebster - Winner!

  • Race: Protoss Protoss
  • League: Diamond
  • Spawn Location: 11:00

markus

  • Race: Protoss Protoss
  • League: Diamond
  • Spawn Location: 5:00

VOD

Have the link to the VOD?

Description

Time

  • Played on: Nov. 15, 2020, 1:46 p.m.
  • Length: 8:40
Show
View Real Time Build Order
Export as new Build Order

Heeebster Protoss - Winner!

Build Orders: Oracle Opening 

Get SALT Encoding   

  12  0:00  Probe  
  13  0:12  Probe (Chrono Boost)  
  14  0:17  Pylon  
  14  0:24  Probe (Chrono Boost)  
  15  0:35  Gateway, Probe (Chrono Boost)  
  16  0:44  Assimilator  
  16  0:48  Assimilator  
  16  0:52  Probe  
  18  1:04  Probe  
  18  1:08  Gateway  
  18  1:16  Probe  
  19  1:26  Cybernetics Core  
  19  1:28  Probe (Chrono Boost)  
  20  1:34  Pylon  
  21  1:40  Probe (Chrono Boost)  
  21  1:45  Probe (Chrono Boost)  
  22  1:54  Probe  
  22  2:01  Warp Gate (Chrono Boost)  
  23  2:02  Adept x2  
  27  2:13  Stargate  
  27  2:39  Nexus  
  27  2:52  Robotics Facility  
  27  2:56  Pylon  
  27  3:05  Oracle (Chrono Boost)  
  27  3:12  Probe  
  31  3:16  Shield Battery  
  29  3:28  Probe  
  29  3:30  Pylon  
  30  3:40  Probe  
  31  3:45  Immortal (Chrono Boost)  
  34  4:08  Stalker x2  
  38  4:22  Probe (Chrono Boost)  
  40  4:25  Probe (Chrono Boost)  
  40  4:27  Pylon  
  40  4:35  Probe (Chrono Boost)  
  42  4:39  Probe (Chrono Boost)  
  42  4:40  Probe (Chrono Boost)  
  42  4:44  Immortal  
  47  4:47  Shield Battery  
  47  4:51  Shield Battery  
  47  4:53  Probe  
  47  4:56  Probe  
  49  5:05  Probe  
  50  5:08  Probe  
  50  5:09  Oracle (Chrono Boost)  
  54  5:17  Probe  
  54  5:20  Probe, Immortal (Chrono Boost)  
  60  5:30  Gateway  
  60  5:34  Gateway  
  60  5:39  Pylon  
  60  5:43  Probe  
  60  5:44  Probe  
  60  5:49  Assimilator  
  62  5:55  Forge  
  62  5:57  Probe x2  
  62  6:02  Shield Battery  
  64  6:08  Stalker  
  64  6:09  Stalker, Probe  
  69  6:11  Probe  
  70  6:21  Protoss Ground Weapons Level 1 (Chrono Boost)  
  70  6:24  Pylon  
  70  6:37  Pylon  
  70  6:41  Warp Prism  
  70  6:42  Probe x2  
  72  6:59  Probe x2  
  74  7:02  Stalker x4  
  74  7:06  Pylon  
  74  7:08  Pylon  
  82  7:13  Pylon  
  82  7:17  Gateway  
  82  7:18  Immortal  
  82  7:21  Gateway  
  86  7:39  Pylon  
  83  7:54  Stalker x4  
  89  8:05  Warp Prism (Chrono Boost)  
  89  8:25  Stalker x6  
Show
View Real Time Build Order
Export as new Build Order

markus Protoss 

Build Orders:  

Get SALT Encoding   

  12  0:01  Probe  
  13  0:13  Probe  
  14  0:18  Pylon  
  14  0:25  Probe (Chrono Boost)  
  15  0:36  Probe (Chrono Boost)  
  15  0:37  Gateway  
  16  0:44  Assimilator  
  16  0:47  Probe  
  17  0:59  Probe  
  18  1:05  Gateway  
  18  1:11  Probe  
  19  1:14  Assimilator  
  19  1:23  Probe  
  20  1:30  Cybernetics Core  
  20  1:35  Probe  
  21  1:40  Pylon  
  21  1:47  Probe  
  22  1:59  Probe  
  23  2:07  Stalker  
  23  2:08  Stalker  
  27  2:13  Warp Gate  
  27  2:15  Probe  
  28  2:22  Pylon  
  28  2:27  Probe  
  29  2:32  Pylon  
  28  2:39  Probe  
  28  2:40  Stalker  
  31  2:46  Stalker  
  33  2:51  Probe  
  34  3:08  Nexus  
  34  3:18  Pylon  
  34  3:22  Pylon  
  34  3:37  Probe  
  34  3:39  Twilight Council  
  39  3:49  Probe  
  36  3:58  Pylon  
  36  4:01  Probe  
  37  4:04  Stalker, Sentry  
  40  4:13  Probe  
  37  4:21  Probe  
  37  4:25  Probe  
  37  4:29  Blink  
  38  4:33  Probe  
  38  4:37  Probe  
  38  4:45  Probe  
  39  4:49  Probe  
  40  4:57  Probe  
  41  5:01  Probe  
  37  5:09  Probe  
  37  5:13  Probe  
  39  5:19  Robotics Facility  
  39  5:22  Probe (Chrono Boost)  
  39  5:23  Twilight Council  
  39  5:24  Stalker  
  39  5:25  Probe (Chrono Boost)  
  43  5:30  Phoenix  
  43  5:32  Shield Battery  
  43  5:34  Probe (Chrono Boost)  
  45  5:36  Probe (Chrono Boost)  
  45  5:39  Probe (Chrono Boost)  
  45  5:41  Probe (Chrono Boost)  
  46  5:43  Gateway  
  46  5:47  Assimilator  
  46  5:48  Probe  
  48  5:52  Stalker, Probe  
  51  6:00  Probe  
  51  6:01  Stalker  
  55  6:04  Probe  
  55  6:07  Observer  
  56  6:12  Probe  
  56  6:16  Probe  
  58  6:21  Stalker  
  58  6:24  Probe  
  61  6:28  Pylon, Probe  
  61  6:30  Pylon  
  62  6:36  Probe  
  62  6:38  Observer  
  64  6:40  Probe  
  64  6:46  Stalker x3  
  68  6:48  Probe  
  68  6:52  Probe  
  67  7:00  Probe  
  68  7:02  Robotics Bay  
  68  7:04  Probe  
  69  7:12  Probe  
  69  7:13  Assimilator  
  69  7:15  Stalker x3  
  74  7:16  Probe  
  74  7:22  Gateway  
  77  7:24  Probe  
  77  7:25  Gateway  
  77  7:29  Probe  
  79  7:30  Forge, Pylon  
  79  7:49  Disruptor (Chrono Boost), Probe  
  77  8:01  Stalker, Sentry x2  
  69  8:22  Stalker x2  
  65  8:29  Stalker x3  
Tags
 
Matchup
PvP
Replay Pack
Replays
Spawn Locations
Cross Positions
Add a new tag
Caveats
  • Supply blocks, unpowered buildings, or Contaminate may cause inaccurate times.
  • Supply counts are checked every 10 seconds.